 Dungeon Crawl Stone Soup version 0.11.0-9-gb634444 (webtiles) character file.

11111 Menudo the Slinger (level 11, 0/73 HPs)
             Began as a Human Wanderer on Oct 20, 2012.
             Was a Priest of Ashenzari.
             Killed from afar by Erica (25 damage)
             ... with an orb of energy
             ... on Level 3 of the Orcish Mines on Oct 23, 2012.
             The game lasted 07:13:52 (10044 turns).

Menudo the Slinger (Human Wanderer)                Turns: 10044, Time: 07:13:52

HP   0/73        AC 20     Str 15      XL: 11   Next: 91%
MP  21/21        EV  6     Int 16      God: Ashenzari [***...]
Gold 779         SH  0     Dex 11      Spells:  1 memorised, 18 levels left

Res.Fire  : + + .   See Invis. : +   U - +2 elf blowgun
Res.Cold  : . . .   Warding    : .   K - +3 splint mail {MR}
Life Prot.: . . .   Conserve   : .   (no shield)
Res.Poison: .       Res.Corr.  : +   (no helmet)
Res.Elec. : .       Clarity    : +   (no cloak)
Sust.Abil.: . .     Spirit.Shd : .   (no gloves)
Res.Mut.  : .       Stasis     : .   B - +2 pair of orc boots (curse)
Res.Rott. : .       Ctrl.Telep.: .   b - amulet of resist corrosion
Saprovore : . . .   Levitation : .   e - cursed ring of Jocy {rF++ SInv} Ctrl.Flight: .
                                     M - cursed +3 ring of protection

@: quite resistant to hostile enchantments, extremely unstealthy
A: Str +1
a: Renounce Religion


You were on level 3 of the Orcish Mines.
You worshipped Ashenzari.
Ashenzari was greatly pleased with you.
You were not hungry.

You visited 3 branches of the dungeon, and saw 16 of its levels.
You also visited: Bailey.

You collected 1808 gold pieces.
You spent 1079 gold pieces at shops.

Inventory:

Hand weapons
 d - a +1,+0 sling
 k - a +2,+2 orcish hand axe of electrocution
 p - a +2,+2 short sword of holy wrath
 F - a +1,+0 war axe of flaming
 U - a +2 elven blowgun (weapon)
Missiles
 h - 35 stones
 i - 37 poisoned needles
 l - 17 exploding darts
 G - 5 sling bullets
 V - 2 curare-tipped needles (quivered)
Armour
 B - a cursed +2 pair of orcish boots (worn)
 K - a +3 splint mail of magic resistance (worn)
Magical devices
 q - a wand of magic darts (11)
 H - a wand of fire (0)
 S - a wand of cold (0)
 T - a wand of frost (1)
 W - a wand of cold (6)
 Z - a wand of enslavement (16)
Comestibles
 g - a bread ration
 w - an apple
 x - 2 chunks of orc flesh
 C - a chunk of orc flesh
 I - a rambutan
 L - a snozzcumber
 Q - a choko
 R - a chunk of orc flesh
Scrolls
 a - a scroll of curse armour
 j - a scroll of remove curse
 m - a scroll of fear
 n - a scroll of amnesia {unknown}
 o - 3 scrolls of curse weapon
 t - 3 scrolls of teleportation
 v - a scroll of vulnerability
 y - a scroll of enchant weapon II {unknown}
Jewellery
 b - an amulet of resist corrosion (around neck)
 e - the cursed ring of Jocy (right hand) {rF++ SInv}
   (You found it on level 4 of the Dungeon)

   [ring of see invisible]

   It greatly protects you from fire.
   It has a curse placed upon it.
 A - an uncursed amulet of rage
 M - a cursed +3 ring of protection (left hand)
 O - an uncursed amulet of guardian spirit
Potions
 c - 2 potions of might
 f - 2 potions of invisibility
 r - 2 potions of speed
 s - 7 potions of curing
 u - 4 potions of agility
 z - a potion of berserk rage
 D - 5 potions of levitation
 E - 3 potions of brilliance
 N - a potion of heal wounds
 X - 2 potions of resistance
Books
 J - a Young Poisoner's Handbook

   Spells                             Type                      Level
   Sting                              Conjuration/Poison           1
   Cure Poison                        Poison                       2
   Mephitic Cloud                     Conjuration/Poison/Air       3
   Olgreb's Toxic Radiance            Poison                       4
   Venom Bolt                         Conjuration/Poison           5
Miscellaneous
 Y - a box of beasts


   Skills:
 + Level 3.5 Fighting
 + Level 2.3 Short Blades
 + Level 5.1 Axes
 + Level 9.7 Slings
   Level 1.5 Bows
 + Level 5.2 Throwing
 + Level 8.2 Armour
 + Level 7.1 Dodging
 + Level 1.5 Stealth
 + Level 1.2 Stabbing
 + Level 2.5 Traps & Doors
 + Level 4.5 Spellcasting
 + Level 5.5(7.4) Necromancy
 + Level 1.6(3.2) Evocations


You had 18 spell levels left.
You knew the following spells:

 Your Spells              Type           Power        Failure   Level  Hunger
a - Animate Skeleton      Necr           N/A          14%         1    None


Dungeon Overview and Level Annotations

Branches:
Dungeon (11/27)            Temple (1/1) D:6             Orc (4/4) D:11
    Elf: Orc:3-4       Lair: D:8-13

Altars:
Ashenzari
Cheibriados
Elyvilon
Fedhas
Kikubaaqudgha
Makhleb
Nemelex Xobeh
Okawaru
Sif Muna
Trog
Vehumet
Xom
Yredelemnul
Zin
the Shining One

Shops:
D:6: [!( D:7: =+ D:11: !

Portals:
Ziggurat: D:5 (4280 gp)
Trove: D:10 (give +4 storm dragon armour)

Annotations
Orc:3 Erica


Innate Abilities, Weirdness & Mutations

Your muscles are strong (Str +1).


Message History

U - a +2 elven blowgun (weapon)
Quiver which item? (- for none, * to show all) (? for menu, Esc to quit)
Quivering
V - 4 curare-tipped needles for blowguns.
Press: ? - help, v - describe, . - travel
Here: Erica, wielding a scimitar of flaming and wearing a robe A floor.
Firing (i - inventory. (,) - cycle):
V - 4 curare-tipped needles (quivered)
Press: ? - help, Shift-Dir - straight line, f - Erica
Aim: Erica, wielding a scimitar of flaming and wearing a robe You shoot a curare-tipped needle.
The curare-tipped needle hits Erica.
Erica is poisoned.
Erica convulses.
Erica seems to slow down.
Firing (i - inventory. (,) - cycle):
V - 3 curare-tipped needles (quivered)
Press: ? - help, Shift-Dir - straight line, f/p - Erica
Aim: Erica, wielding a scimitar of flaming and wearing a robe (lightly wounded, poisoned, moving slowly)
You shoot a curare-tipped needle. The curare-tipped needle hits Erica.
Erica is lightly wounded.
Erica looks even sicker.
Erica convulses.
Erica casts a spell at you. The orb of energy hits you!
You die...

...# ##.#..##.###
...####...###....##
...z>.z...####....####
..#........#..#......##
.##...................#
..##..........#......##
.###..#......##zz#....# *
..#....<.......zzzz..o#, *
...#............@##..#.)).
............#.#...o..# ,
)%...##................. ,
>%.### ,#...........#.
.)..# #............# *
.#.##*, ,.....@......#
.### * , $##..##...., ..
#.. #.#, * .## * .** *


You could see Erica, an orc priest, an orc and friendly 6 orc skeletons.

Vanquished Creatures
  2 hill giants (D:10)
  Pikel (D:9)
  An orc knight (Bailey)
  An oklob plant (Orc:3)
  A steam dragon (D:9)
  A two-headed ogre (D:9)
  A troll (D:9)
  5 yaks (D:11)
  Grum (D:9)
  2 hippogriffs
  A trapdoor spider (D:10)
  2 war dogs (D:9)
  10 orc warriors
  A phantom (D:8)
  An ice beast (D:10)
  2 sky beasts
  3 slaves (D:9)
  6 ogres
  6 centaurs
  Duvessa (D:7)
  3 wargs (Orc:1)
  4 giant frogs
  A basilisk zombie (D:8)
  2 water moccasins (D:9)
  A gnoll sergeant (D:6)
  A water moccasin skeleton (D:10)
  2 jellyfish (D:8)
  3 killer bees (D:9)
  2 electric eels (D:9)
  A goliath beetle (D:10)
  A big kobold skeleton (D:10)
  Dowan (D:7)
  9 orc priests
  A quasit (D:10)
  2 crimson imps
  3 shadows
  An iguana (D:10)
  3 hounds
  3 scorpions
  A worker ant zombie (D:6)
  12 orc wizards
  4 worker ants
  2 jellies
  A mummy (D:9)
  9 gnolls
  An iguana zombie (D:10)
  10 adders
  An adder zombie (D:7)
  A giant mite (D:4)
  An iguana skeleton (D:8)
  3 worms
  4 giant geckos
  69 orcs
  A ball python (D:3)
  15 goblins
  12 hobgoblins
  6 jackals
  A quokka (D:3)
  14 bats
  7 giant cockroaches
  2 giant newts (D:2)
  21 kobolds
  A kobold skeleton (D:5)
  An orc skeleton (D:7)
  8 rats
  9 ballistomycetes (D:10)
  A plant (D:9)
  A toadstool (D:9)
312 creatures vanquished.

Vanquished Creatures (collateral kills)
  Menkaure (D:7)
  A yellow wasp (D:9)
  A giant goldfish zombie (D:9)
  An orc warrior (Orc:3)
  A phantom (D:4)
  An ogre (D:4)
  A warg (Orc:1)
  A water moccasin (D:9)
  A quasit (D:9)
  A hound (D:5)
  4 orc priests
  4 orc wizards
  A big fish zombie (D:9)
  A jelly (D:9)
  2 adders
  A worm (D:5)
  19 orcs
  3 goblins
  2 quokkas (D:10)
  2 kobolds
  A rat (D:4)
  A ballistomycete (D:10)
  2 plants (D:9)
53 creatures vanquished.

Vanquished Creatures (others)
  A slave (D:9)
  A yak skeleton (D:11)
  2 war dog skeletons (D:9)
  A water moccasin skeleton (D:9)
  2 centaur skeletons
  A steam dragon skeleton (D:9)
  A two-headed ogre skeleton (D:9)
  A warg skeleton (Orc:1)
  2 human skeletons (D:9)
  An ogre skeleton (D:9)
  A jelly (D:11)
  3 adder skeletons
  2 bat skeletons
  3 gnoll skeletons (D:5)
  2 giant spores (D:10)
  4 goblin skeletons
  A hobgoblin skeleton (Bailey)
  A kobold (D:10)
  6 kobold skeletons
  20 orc skeletons
  3 rat skeletons
  7 toadstools
66 creatures vanquished.

Grand Total: 431 creatures vanquished

Notes
Turn   | Place    | Note
--------------------------------------------------------------
     0 | D:1      | Menudo, the Human Wanderer, began the quest for the Orb.
     0 | D:1      | Reached XP level 1. HP: 14/14 MP: 1/1
   309 | D:2      | Reached XP level 2. HP: 18/20 MP: 2/2
   506 | D:2      | Found a shattered altar of Ashenzari.
   515 | D:2      | Got a yellowed book
   523 | D:2      | Identified Ashenzari's Tome of Skeletal Cooking (You found it on level 2 of the Dungeon)
   525 | D:2      | Became a worshipper of Ashenzari the Shackled
   552 | D:2      | Reached XP level 3. HP: 11/25 MP: 3/3
   838 | D:2      | Reached skill level 1 in Throwing
   877 | D:2      | Reached XP level 4. HP: 30/32 MP: 4/4
  1019 | D:2      | Reached skill level 1 in Slings
  1104 | D:3      | Reached skill level 4 in Armour
  1118 | D:3      | Reached skill level 1 in Dodging
  1172 | D:3      | Reached XP level 5. HP: 37/37 MP: 5/5
  1259 | D:3      | Found a snail-covered altar of Cheibriados.
  1766 | D:4      | Reached XP level 6. HP: 43/43 MP: 7/7
  1804 | D:4      | Learned a level 1 spell: Animate Skeleton
  1879 | D:4      | Noticed an ogre
  1954 | D:4      | Killed an ogre
  1956 | D:4      | Found a bloodstained altar of Trog.
  2057 | D:4      | Noticed a phantom
  2087 | D:4      | Reached XP level 7. HP: 45/48 MP: 8/8
  2097 | D:4      | Killed a phantom
  2167 | D:4      | Got an uncursed vibrating golden ring
  2193 | D:4      | Noticed an ogre
  2200 | D:4      | Killed an ogre
  2238 | D:4      | Reached skill level 1 in Spellcasting
  2259 | D:4      | Reached skill level 1 in Necromancy
  2292 | D:4      | Noticed an ogre
  2300 | D:4      | Killed an ogre
  2306 | D:4      | Identified the ring of Jocy (You found it on level 4 of the Dungeon)
  2319 | D:4      | Reached skill level 5 in Slings
  2319 | D:4      | Reached XP level 8. HP: 37/55 MP: 10/10
  2413 | D:5      | Entered Level 5 of the Dungeon
  2799 | D:5      | Found a burning altar of Makhleb.
  2808 | D:5      | Found a gateway to a ziggurat.
  3837 | D:6      | Found a staircase to the Ecumenical Temple.
  3852 | D:6      | Reached skill level 5 in Armour
  3898 | Temple   | Entered the Ecumenical Temple
  4012 | D:6      | Found Grun's Distillery.
  4013 | D:6      | Found Omuytuokk's Antique Armour Shop.
  4021 | D:6      | Bought a potion of curing for 22 gold pieces
  4021 | D:6      | Bought a potion of invisibility for 60 gold pieces
  4021 | D:6      | Bought 2 potions of agility for 55 gold pieces
  4021 | D:6      | Bought a potion of heal wounds for 33 gold pieces
  4071 | D:6      | Reached skill level 6 in Slings
  4140 | D:6      | Found Ipsopluk's Antique Weapon Shoppe.
  4182 | D:7      | Found Nuwuz's Book Emporium.
  4200 | D:7      | Noticed Dowan
  4201 | D:7      | Noticed Duvessa
  4213 | D:7      | Killed Duvessa
  4217 | D:7      | Killed Dowan
  4274 | D:7      | Found Arox's Jewellery Boutique.
  4279 | D:7      | Noticed Menkaure
  4288 | D:7      | Killed Menkaure
  4288 | D:7      | Reached XP level 9. HP: 60/60 MP: 13/13
  4632 | D:8      | Acquired Ashenzari's first power
  4803 | D:8      | Reached skill level 7 in Slings
  5094 | D:8      | Found a glowing silver altar of Zin.
  5241 | D:9      | Reached skill level 1 in Short Blades
  5523 | D:9      | Reached XP level 10. HP: 37/67 MP: 13/16
  5658 | D:9      | Noticed Grum
  5677 | D:9      | Killed Grum
  5678 | D:9      | Reached skill level 8 in Slings
  5796 | D:9      | Noticed Pikel
  5819 | D:9      | Killed Pikel
  5819 | D:9      | Reached skill level 5 in Dodging
  5831 | D:9      | Your ally freed slave died
  5911 | D:9      | Found an iron altar of Okawaru.
  6136 | D:9      | Noticed a troll
  6146 | D:9      | Killed a troll
  6181 | D:9      | Noticed a glowing angel
  6182 | D:9      | Found a glowing silver altar of Zin.
  6399 | D:9      | Found a basalt altar of Yredelemnul.
  6454 | D:10     | Entered Level 10 of the Dungeon
  6791 | D:10     | Found a portal to a secret trove of treasure.
  7002 | D:10     | Noticed a hill giant
  7015 | D:10     | Killed a hill giant
  7015 | D:10     | Reached skill level 9 in Slings
  7015 | D:10     | Reached skill level 1 in Stealth
  7015 | D:10     | Reached skill level 1 in Traps & Doors
  7015 | D:10     | Reached XP level 11. HP: 71/73 MP: 20/20
  7140 | D:10     | Noticed a hill giant
  7150 | D:10     | Killed a hill giant
  7710 | D:7      | Bought a book of Stalking for 480 gold pieces
  8212 | D:11     | Found a flagged portal.
  8227 | Bailey   | Entered a bailey
  8302 | Bailey   | Noticed an orc knight
  8333 | Bailey   | Killed an orc knight
  8333 | Bailey   | Reached skill level 5 in Necromancy
  8339 | Bailey   | Found a burning altar of Makhleb.
  8476 | D:11     | Gained mutation: Your muscles are strong (Str +1). [potion of gain strength]
  8527 | D:11     | Acquired Ashenzari's second power
  8667 | D:11     | Found Nutaxtoots' Distillery.
  8676 | D:11     | Bought a potion of curing for 22 gold pieces
  8676 | D:11     | Bought a potion of curing for 22 gold pieces
  8676 | D:11     | Bought a potion of levitation for 33 gold pieces
  8676 | D:11     | Bought 2 potions of resistance for 154 gold pieces
  8676 | D:11     | Bought 2 potions of levitation for 66 gold pieces
  8676 | D:11     | Bought 2 potions of levitation for 66 gold pieces
  8676 | D:11     | Bought a potion of curing for 22 gold pieces
  8676 | D:11     | Bought a potion of curing for 22 gold pieces
  8676 | D:11     | Bought a potion of curing for 22 gold pieces
  8805 | D:11     | Found a staircase to the Orcish Mines.
  8902 | Orc:1    | Entered Level 1 of the Orcish Mines
  9013 | Orc:1    | Reached skill level 5 in Throwing
  9562 | Orc:4    | Entered Level 4 of the Orcish Mines
  9629 | Orc:4    | Reached skill level 5 in Axes
  9951 | Orc:3    | Noticed an oklob plant
  9987 | Orc:3    | Killed an oklob plant
 10042 | Orc:3    | Noticed Erica
 10044 | Orc:3    | Killed from afar by Erica
